 Dungeon Crawl Stone Soup version 0.27.1-2-g3b301248ec (webtiles) character file.

Game seed: 5704517660747199995

64888 pkoi the Fencer (level 14, 0/122 HPs)
             Began as a Minotaur Gladiator on Sept 29, 2021.
             Was the Champion of Elyvilon.
             Slain by Urug (3 damage)
             ... on level 12 of the Dungeon.
             The game lasted 00:37:20 (26413 turns).

pkoi the Fencer (Minotaur Gladiator)               Turns: 26413, Time: 00:37:22

Health: 0/122      AC: 26    Str: 28    XL:     14   Next: 73%
Magic:  29/31      EV: 13    Int:  9    God:    Elyvilon [******]
Gold:   1294       SH:  0    Dex: 17    Spells: 13/13 levels left

rFire    . . .     SeeInvis +   k - +1 great sword (protect)
rCold    . . .     Faith    .   (shield currently unavailable)
rNeg     + . .     Spirit   .   f - +2 chain mail of Cumoyduw {rN+ Regen+ Int+4 SInv}
rPois    .         Reflect  .   c - +1 hat
rElec    .         Harm     .   z - +0 cloak
rCorr    .         Rampage  .   v - +0 pair of gloves
Will     +....                  (no boots)
Stlth    ..........             o - amulet of magic regeneration
HPRegen  1.30/turn              r - +6 ring of dexterity
MPRegen  0.47/turn              E - ring "Zyiphatix" {Wiz MP+9 Str+3}

@: under a protective aura, studying 2 skills
A: horns 2, retaliatory headbutt
a: Renounce Religion, Lesser Healing, Heal Other, Purification, Greater Healing,
Divine Vigour, Divine Protection


You were on level 12 of the Dungeon.
You worshipped Elyvilon.
Elyvilon was exalted by your worship.
You visited 3 branches of the dungeon, and saw 20 of its levels.
You also visited: Gauntlet.

You collected 1512 gold pieces.
You spent 218 gold pieces at shops.

Inventory:

Hand Weapons
 a - a +1 spectral long sword
 k - a +1 great sword of protection (weapon)
 B - a +4 scimitar of flaming
Missiles
 d - 5 throwing nets (quivered)
 e - 8 javelins
 n - 111 poisoned darts
Armour
 c - a +1 hat (worn)
 f - the +2 chain mail of Cumoyduw (worn) {rN+ Regen+ Int+4 SInv}
   (You bought it in a shop on level 11 of the Dungeon)

   Int:       It affects your intelligence (+4).
   rN:        It protects you from negative energy.
   SInv:      It lets you see invisible.
   Regen:     It increases your rate of health regeneration.
 v - a +0 pair of gloves (worn)
 z - a +0 cloak (worn)
 H - a +0 hat of stealth
 N - a +1 leather armour of poison resistance
Jewellery
 i - a ring of fire
 m - a ring of magical power
 o - an amulet of magic regeneration (around neck)
 r - a +6 ring of dexterity (left hand)
 E - the ring "Zyiphatix" (right hand) {Wiz MP+9 Str+3}
   (You found it in a Gauntlet)

   [ring of wizardry]

   It improves your spell success rate.
   Str:       It affects your strength (+3).
   MP:        It affects your magic capacity (+9).
 O - a +6 ring of dexterity
 R - an amulet of faith
Wands
 u - a wand of iceblast (77)
 x - a wand of paralysis (7)
 F - a wand of mindburst (34)
 J - a wand of flame (49)
 L - a wand of acid (16)
 Q - a wand of digging (5)
Scrolls
 g - 2 scrolls of enchant weapon
 w - 7 scrolls of enchant armour
 y - 2 scrolls of teleportation
 C - a scroll of fear
 D - a scroll of blinking
 G - 4 scrolls of amnesia
 K - 6 scrolls of identify
 P - a scroll of fog
Potions
 b - 2 potions of cancellation
 h - 3 potions of ambrosia
 j - a potion of flight
 l - 2 potions of haste
 p - 6 potions of heal wounds
 q - 6 potions of curing
 s - 4 potions of brilliance
 t - 2 potions of resistance
 A - 2 potions of magic
 I - 2 potions of invisibility
 M - a potion of might


   Skills:
 + Level 10.3 Fighting
 * Level 16.4 Long Blades
 + Level 13.3 Throwing
 + Level 14.2 Armour
 + Level 7.1 Dodging
 - Level 1.0 Stealth
 + Level 12.7 Invocations


You had 13 spell levels left.
You didn't know any spells.
Your spell library contained the following spells:

 Spells                   Type           Power      Damage    Failure   Level
 Beastly Appendage        Tmut           0%         N/A       47%         1
 Blink                    Tloc           N/A        N/A       61%         2
 Static Discharge         Conj/Air       0%         N/A       61%         2
 Sublimation of Blood     Necr           0%         N/A       61%         2
 Wereblood                Tmut           0%         N/A       61%         2
 Dazzling Flash           Conj/Hex       0%         N/A       83%         3
 Ignite Poison            Fire/Tmut/Pois 0%         N/A       83%         3
 Lesser Beckoning         Tloc           0%         N/A       83%         3
 Mephitic Cloud           Conj/Pois/Air  0%         N/A       83%         3
 Spider Form              Tmut/Pois      0%         N/A       83%         3
 Dispel Undead            Necr           0%         3d6       99%         4
 Iskenderun's Mystic Bla  Conj/Tloc      0%         2d3       99%         4
 Petrify                  Tmut/Erth      0%         N/A       99%         4
 Sticky Flame             Conj/Fire      0%         2d3       99%         4
 Bolt of Magma            Conj/Fire/Erth 0%         4d4       100%        5
 Irradiate                Conj/Tmut      0%         3d14      100%        5
 Manifold Assault         Tloc           0%         N/A       100%        5
 Starburst                Conj/Fire      0%         6d3       100%        6
 Summon Hydra             Summ           0%         N/A       100%        7


Dungeon Overview and Level Annotations

Branches:
Dungeon (13/15)            Temple (1/1) D:5            Lair (6/6) D:10
  Swamp (0/4) Lair:2       Spider (0/4) Lair:2        Slime (0/5) Lair:6
    Orc (0/2) D:10         Vaults (0/5) D:13        Gauntlet (visited)

Altars:
Ashenzari
Cheibriados
Dithmenos
Elyvilon
Fedhas
Gozag
Hepliaklqana
Kikubaaqudgha
Makhleb
Nemelex Xobeh
Okawaru
Qazlal
Ru
Sif Muna
Trog
Uskayaw
Vehumet
Wu Jian
Xom
Yredelemnul
Zin
The Shining One
Lugonu

Shops:
D:11 [

Portals:
Abyss: Lair:6

Annotations:
D:7 1 runed translucent door
D:12 Urug
Lair:3 exclusion: oklob plant


Innate Abilities, Weirdness & Mutations

You have a pair of horns on your head.
You reflexively headbutt those who attack you in melee.


Message History

You are too injured to fight recklessly!
Unknown command.
You are too injured to fight recklessly!
The orc knight shoots a bolt.
The bolt hits you!
Urug hits you with a +3 scimitar of flaming!
Urug burns you.
* * * LOW HITPOINT WARNING * * *
You climb upwards.
There is a stone staircase leading down, spattered with blood here.
Unknown command.
You slice the two-headed ogre!! You headbutt the two-headed ogre!
The two-headed ogre is heavily wounded.
The two-headed ogre closely misses you. x2; Urug barely misses you.
You riposte.
You barely miss Urug. You hit the two-headed ogre.
The two-headed ogre is heavily wounded.
Urug closely misses you.
The two-headed ogre hits you with a +0 giant club!
* * * LOW HITPOINT WARNING * * *
The two-headed ogre closely misses you.
Unknown command.
You slash the two-headed ogre!
The two-headed ogre is severely wounded.
Urug howls with blood-lust.
Urug closely misses you.
Unknown command.
You slash the two-headed ogre!
You kill the two-headed ogre!
Urug hits you with a +3 scimitar of flaming!!!
* * * LOW HITPOINT WARNING * * *
Urug burns you!
* * * LOW HITPOINT WARNING * * *
Unknown command.
Press: ? - help, Dir - move target, f - Urug Heal: Urug, wielding a +3 scimitar of flaming, wearing a +0 scale mail and quivering silver javelins (strong, chance to pacify: 42%)
The light of Elyvilon fails to reach Urug.
Urug hits you with a +3 scimitar of flaming!
Elyvilon protects you from harm! Urug burns you.
You die...

##### #...# #######
###.#.# #<....# ## #####
#.....# #####.# .# #...#
#.#.### #.# .## #...#
#(#.# #.#
..#######...####o#.#####
#..
.....?..'......)@#.....#
###
#......##...#.########.#
# ##.....##...#.# #.# #
#.....##...#.# ####)# #
#.....##...#.# #..#.# #
#.....######.# #..#)# #
#.....# #.# #..#)# #
#.....# #.# #..#.# #
#.....# #.# ##..#.# #


You could see Urug (strong).

Vanquished Creatures
  A minotaur (Gauntlet)
  Erolcha (D:11)
  2 hydras (Lair:2)
  9 two-headed ogres
  Erica (Lair:1)
  A centaur warrior (D:9)
  A catoblepas (Lair:5)
  A tengu warrior (D:11)
  3 death yaks (Lair:5)
  3 thrashing horrors (Lair:6)
  A soul eater (Gauntlet)
  A bog body (Lair:2)
  2 ugly things
  5 slime creatures (D:12)
  3 cyclopes (D:12)
  An elephant (shapeshifter) (Lair:6)
  3 black mambas
  2 torpor snails
  A smoke demon (Lair:6)
  A minotaur zombie (Gauntlet)
  12 cane toads
  6 rime drakes
  3 komodo dragons
  An unseen horror (D:12)
  2 ancient zymes (Lair:6)
  A hornet (D:9)
  3 meliai
  A raiju (Gauntlet)
  A polar bear (Lair:2)
  29 blink frogs
  9 dream sheep
  11 flying skulls (Gauntlet)
  A ynoxinul (Lair:6)
  Sigmund (D:2)
  48 yaks
  9 wyverns
  A yak (shapeshifter) (Lair:6)
  A vampire (D:11)
  2 large abominations (Lair:6)
  A shadow (D:11)
  Eustachio (D:6)
  8 basilisks
  A wraith (D:12)
  3 chaos spawn (Lair:6)
  12 humans
  3 steam dragons
  4 vampire mosquitoes
  16 water moccasins
  8 orc warriors
  A sky beast (D:8)
  A necrophage (D:6)
  An ice beast (D:7)
  10 ogres
  3 black bears
  A centaur (D:10)
  15 wolves
  7 kobold brigands
  3 gnoll sergeants
  A wyvern zombie (D:5)
  12 bullfrogs
  11 small abominations (Lair:6)
  5 scorpions
  A water moccasin zombie (D:5)
  8 wights
  7 killer bees (D:9)
  12 howler monkeys
  3 centaur zombies
  A bullfrog zombie (D:5)
  13 hounds
  5 jellies
  A centaur skeleton (D:5)
  A human zombie (D:5)
  13 orc priests
  A bullfrog skeleton (D:6)
  5 gnoll shamans
  3 iguanas
  15 orc wizards
  10 hell rats (Lair:4)
  A killer bee zombie (D:7)
  A hound zombie (D:5)
  A hound skeleton (D:5)
  2 mummies (D:5)
  16 gnolls
  8 adders
  2 shadow imps (Gauntlet)
  2 white imps
  2 worms (D:3)
  2 dart slugs
  40 orcs
  2 ball pythons
  9 endoplasms
  4 giant cockroaches
  10 goblins
  11 hobgoblins
  3 jackals (D:1)
  A quokka (D:1)
  9 bats
  5 frilled lizards
  24 kobolds
  7 rats
574 creatures vanquished.

Vanquished Creatures (others)
  Maurice (D:9)
  A yak (Lair:6)
  25 fungi
  43 plants
  14 withered plants (Gauntlet)
84 creatures vanquished.

Grand Total: 658 creatures vanquished

Notes
Turn   | Place    | Note
-------+----------+-------------------------------------------
     0 | D:1      | pkoi the Minotaur Gladiator began the quest for the Orb.
     0 | D:1      | Reached XP level 1. HP: 18/18 MP: 0/0
   165 | D:1      | Reached skill level 4 in Long Blades
   183 | D:1      | Reached XP level 2. HP: 20/25 MP: 1/1
   796 | D:1      | Reached XP level 3. HP: 30/30 MP: 2/2
   952 | D:1      | Reached skill level 5 in Long Blades
  1371 | D:2      | Noticed Sigmund
  1698 | D:2      | Found a white marble altar of Elyvilon.
  1740 | D:2      | Became a worshipper of Elyvilon the Healer
  1741 | D:2      | Reached skill level 1 in Stealth
  1744 | D:2      | Reached XP level 4. HP: 34/38 MP: 3/3
  2236 | D:3      | Found a faded altar of an unknown god.
  2390 | D:3      | Reached * piety under Elyvilon
  2635 | D:3      | Reached skill level 1 in Invocations
  2919 | D:4      | Reached XP level 5. HP: 23/45 MP: 3/5
  2922 | D:4      | Reached skill level 6 in Long Blades
  2922 | D:4      | Reached skill level 1 in Armour
  3227 | D:4      | Found a burning altar of Makhleb.
  3317 | D:4      | Noticed a black bear
  3329 | D:4      | Killed a black bear
  3330 | D:4      | Reached XP level 6. HP: 22/52 MP: 6/6
  3554 | D:4      | Found a glowing golden altar of the Shining One.
  3647 | D:4      | Found an iron altar of Okawaru.
  3653 | D:4      | Found a shadowy altar of Dithmenos.
  3654 | D:4      | Found a bloodstained altar of Trog.
  3829 | D:4      | Reached ** piety under Elyvilon
  4164 | D:5      | Entered Level 5 of the Dungeon
  4208 | D:5      | Found a hide-covered altar of Uskayaw.
  4235 | D:5      | Reached XP level 7. HP: 55/60 MP: 8/8
  4288 | D:5      | HP: 2/56 [wight (3)]
  4675 | D:5      | Reached skill level 7 in Long Blades
  5020 | D:5      | Found a broken altar of Ashenzari.
  5072 | D:5      | Found a staircase to the Ecumenical Temple.
  5101 | D:5      | Reached skill level 5 in Fighting
  5445 | D:5      | Reached *** piety under Elyvilon
  5792 | D:5      | Reached XP level 8. HP: 46/70 MP: 8/10
  6315 | D:2      | Killed Sigmund
  6418 | D:6      | Noticed Eustachio
  6421 | D:6      | Killed Eustachio
  6422 | D:6      | Reached skill level 8 in Long Blades
  6422 | D:6      | Reached skill level 5 in Armour
  6453 | D:6      | Found a shimmering blue altar of Sif Muna.
  6582 | D:6      | Reached skill level 5 in Invocations
  7028 | D:6      | Reached XP level 9. HP: 27/79 MP: 12/12
  7468 | Temple   | Entered the Ecumenical Temple
  7667 | D:5      | Reached skill level 9 in Long Blades
  7805 | D:5      | Found an ancient bone altar of Kikubaaqudgha.
  8181 | D:5      | HP: 3/79 [poisoned by a gnoll sergeant]
  8545 | D:6      | Noticed a two-headed ogre
  8727 | D:6      | Killed a two-headed ogre
  8727 | D:6      | HP: 1/79 [orc priest/divine providence (10)]
  8728 | D:6      | Reached skill level 10 in Long Blades
  8728 | D:6      | Elyvilon protects you from harm!
  9056 | D:6      | Reached XP level 10. HP: 76/86 MP: 14/14
 10166 | D:7      | Found a runed translucent door.
 10265 | D:7      | Reached **** piety under Elyvilon
 10676 | D:7      | Reached skill level 11 in Long Blades
 10749 | D:7      | Found a blossoming altar of Fedhas.
 11150 | D:8      | Reached ***** piety under Elyvilon
 11243 | D:8      | Identified the +1 buckler of the Elven Halls {rElec rC+
                  | rN+}
 11725 | D:8      | Identified a scroll of acquirement
 11725 | D:8      | Acquired a manual of Throwing
 12198 | D:8      | Reached skill level 10 in Armour
 12609 | D:9      | Found a radiant altar of Vehumet.
 12618 | D:9      | Paralysed by a hornet for 1 turns
 12672 | D:9      | Noticed a centaur warrior
 12677 | D:9      | HP: 2/86 [something (4)]
 13180 | D:9      | Killed a centaur warrior
 13181 | D:9      | Reached XP level 11. HP: 88/92 MP: 16/16
 13334 | D:9      | Noticed Maurice
 13341 | D:9      | Killed Maurice
 13528 | D:9      | Noticed a two-headed ogre
 13532 | D:9      | Killed a two-headed ogre
 13533 | D:9      | Reached skill level 5 in Throwing
 13879 | D:10     | Entered Level 10 of the Dungeon
 14484 | D:9      | Reached skill level 12 in Long Blades
 15164 | D:10     | Noticed a two-headed ogre
 15173 | D:10     | Killed a two-headed ogre
 15333 | D:10     | Noticed a cyan ugly thing
 15341 | D:10     | Killed a cyan ugly thing
 15587 | D:10     | Noticed a two-headed ogre
 15598 | D:10     | Killed a two-headed ogre
 15898 | D:10     | Found a sacrificial altar of Ru.
 15983 | D:10     | Found a staircase to the Orcish Mines.
 16194 | D:10     | Found a glowing silver altar of Zin.
 16228 | D:10     | Found a staircase to the Lair.
 16721 | D:11     | Noticed a two-headed ogre
 16728 | D:11     | Killed a two-headed ogre
 16729 | D:11     | Reached skill level 10 in Invocations
 16875 | D:11     | Found Emas's Antique Armour Shop.
 16880 | D:11     | Bought an amber-encrusted chain mail for 218 gold pieces
 16880 | D:11     | Identified the +2 chain mail of Cumoyduw {rN+ Regen+ Int+4
                  | SInv} (You bought it in a shop on level 11 of the Dungeon)
 16945 | D:11     | Noticed a two-headed ogre
 16961 | D:11     | Killed a two-headed ogre
 16968 | D:11     | Noticed a two-headed ogre
 16977 | D:11     | Killed a two-headed ogre
 16978 | D:11     | Reached skill level 13 in Long Blades
 16978 | D:11     | Reached XP level 12. HP: 67/100 MP: 18/18
 16985 | D:11     | Noticed Erolcha
 17003 | D:11     | Killed Erolcha
 17280 | D:11     | Noticed a tengu warrior
 17293 | D:11     | Killed a tengu warrior
 17466 | Lair:1   | Entered Level 1 of the Lair of Beasts
 17534 | Lair:1   | Noticed Erica
 17539 | Lair:1   | Killed Erica
 17617 | Lair:1   | Reached ****** piety under Elyvilon
 18301 | Lair:1   | Found a radiant altar of Vehumet.
 18658 | Lair:2   | Reached skill level 10 in Throwing
 18930 | Lair:2   | Found a hole to the Spider Nest.
 19129 | Lair:2   | Noticed a four-headed hydra
 19136 | Lair:2   | Killed a one-headed hydra
 19167 | Lair:2   | Found a staircase to the Swamp.
 19519 | Lair:2   | Reached skill level 14 in Long Blades
 19645 | Lair:2   | Noticed a six-headed hydra
 19652 | Lair:2   | Killed a three-headed hydra
 19902 | Lair:3   | Reached XP level 13. HP: 100/107 MP: 20/20
 20224 | Lair:3   | Found a gate leading to a gauntlet.
 20233 | Gauntlet | Entered a Gauntlet
 20233 | Gauntlet | Found a transporter.
 20242 | Gauntlet | Found a transporter.
 20258 | Gauntlet | Found a transporter.
 20263 | Gauntlet | Found a transporter.
 20282 | Gauntlet | Found a transporter.
 20295 | Gauntlet | Noticed a dire elephant
 20297 | Gauntlet | Found a transporter.
 20309 | Gauntlet | Found a transporter.
 20315 | Gauntlet | Found a transporter.
 20330 | Gauntlet | Found a transporter.
 20336 | Gauntlet | Found a transporter.
 20351 | Gauntlet | Found a transporter.
 20359 | Gauntlet | Found a transporter.
 20359 | Gauntlet | Found a transporter.
 20372 | Gauntlet | Found a large runed translucent door.
 20373 | Gauntlet | Found a large runed translucent door.
 20374 | Gauntlet | Found a large runed translucent door.
 20374 | Gauntlet | Found a large runed translucent door.
 20375 | Gauntlet | Found a runed translucent gate.
 20376 | Gauntlet | Found a transporter.
 20376 | Gauntlet | Found a runed translucent gate.
 20377 | Gauntlet | Found a runed translucent gate.
 20378 | Gauntlet | Found a large runed translucent door.
 20378 | Gauntlet | Found a large runed translucent door.
 20378 | Gauntlet | Found a runed translucent door.
 20378 | Gauntlet | Found a runed translucent door.
 20379 | Gauntlet | Found a large runed translucent door.
 20380 | Gauntlet | Found a large runed translucent door.
 20382 | Gauntlet | Found a transporter.
 20387 | Gauntlet | Found a large runed translucent door.
 20387 | Gauntlet | Found a large runed translucent door.
 20388 | Gauntlet | Found a large runed translucent door.
 20389 | Gauntlet | Found a large runed translucent door.
 20398 | Gauntlet | Found a large runed translucent door.
 20398 | Gauntlet | Found a large runed translucent door.
 20399 | Gauntlet | Found a large runed translucent door.
 20400 | Gauntlet | Found a large runed translucent door.
 20421 | Gauntlet | Found a transporter.
 20446 | Gauntlet | Found a transporter.
 20466 | Gauntlet | Found a transporter.
 20655 | Gauntlet | Identified the ring "Zyiphatix" {Wiz MP+9 Str+3}
 20693 | Gauntlet | Noticed a minotaur
 20706 | Gauntlet | Killed a minotaur
 21499 | Lair:4   | You fall into a shaft and drop 1 floor!
 21637 | Lair:5   | Reached skill level 15 in Long Blades
 21637 | Lair:5   | Reached skill level 5 in Dodging
 23006 | Lair:4   | Reached XP level 14. HP: 117/118 MP: 21/21
 23347 | Lair:5   | Acquired a manual of Invocations
 23376 | Lair:6   | Entered Level 6 of the Lair of Beasts
 23832 | Lair:6   | Found a staircase to the Slime Pits.
 24336 | Lair:6   | Reached skill level 16 in Long Blades
 25006 | Lair:6   | Reached skill level 10 in Fighting
 25187 | Lair:6   | Found a corrupted altar of Lugonu.
 25187 | Lair:6   | Found a one-way gate to the infinite horrors of the Abyss.
 26292 | D:13     | Noticed Urug
 26292 | D:13     | Found a gate to the Vaults.
 26412 | D:12     | HP: 2/122 [Urug (17)]
 26413 | D:12     | Elyvilon protects you from harm!
 26413 | D:12     | Slain by Urug

Illustrated notes

Levels and vault maps discovered:
D:1:      ebering_trefoil_3fold, layout_basic, serial_corexii_hall,
          corexii_hall_statues_x, chequers_hall_statues_corner_a,
          corexii_hall_statues_t, corexii_hall_statues_s,
          corexii_hall_statues_x, corexii_hall_statues_x
D:2:      layout_rooms, basic_altar, uniq_sigmund
D:3:      layout_basic, shapermc_ecumenical_altar_flowoftime
D:4:      layout_basic, mainiacjoe_overflow_brackets,
          grunt_temple_overflow_open, makhleb_heckhound_becter,
          patterned_corridor
D:5:      layout_loops_corners, nicolae_overflow_hidden_temple,
          lemuel_mausoleum_altar_kikubaaqudgha, evilmike_ruin_ashenzari,
          minmay_temple_entry_glassed_door, serial_glass, glass_columns_b,
          glass_columns_a, glass_columns_c, glass_columns_a
D:6:      lemuel_castle_with_subvaults [lemuel_castle_interior_carwin_3],
          layout_rooms, mainiacjoe_overflow_surrounded_room, uniq_eustachio
D:7:      layout_layer_cave, fedhas_altar_4, lightli_church_of_beogh
D:8:      kennysheep_housing_project, layout_loops_cross, minmay_misc_feat_iff
D:9:      layout_small_grid, mainiacjoe_overflow_six_doors_small, uniq_maurice
D:10:     layout_irregular_city, zin_academy, nicolae_ru_the_path_less_chosen,
          grunt_lair_entry_orc_guard_hut, erik_orc_1
D:11:     layout_rooms, serial_shops, nicolae_diamond_shop, amethyst_killhole,
          minmay_microvault, uniq_erolcha
D:12:     layout_basic, drop_trap
D:13:     layout_long_grid, david_vaults_3, uniq_nessos
Temple:   nicolae_temple_figure_zero
Lair:1:   layout_roguey, basic_altar, lemuel_fruit_tree, uniq_erica
Lair:2:   layout_layer_cave, skrybe_swamp_entry_bodies, dummy_spider_entry
Lair:3:   layout_hall_layers, gauntlet_entry_generic, minivault_11,
          minmay_lair_oklob_chamber
Lair:4:   layout_cave_pods, special_room [special_room_mythical_zoo],
          grunt_megastairs_2, uniq_urug
Lair:5:   layout_hall_layers, serial_bayou_shore_b, grunt_megastairs_3
Lair:6:   hellmonk_lair_end_abyssal_woods, layout_cave_pods,
          nicolae_slime_entry_slimehenge

Skill      XL: |  1  2  3  4  5  6  7  8  9 10 11 12 13 14 |
---------------+-------------------------------------------+-----
Long Blades    | 4 5 6 7 8 10 11 13 14 15 16 | 16.4
Fighting       | 3 4 5 7 9 10 | 10.3
Stealth        | 1 |  1.0
Invocations    | 1 2 4 5 7 8 10 11 12 | 12.7
Armour         | 2 3 4 6 8 10 11 12 13 14 | 14.2
Throwing       | 4 8 11 12 13 | 13.3
Dodging        | 5 7 |  7.1

Action                   |  1- 3 |  4- 6 |  7- 9 | 10-12 | 13-15 || total
-------------------------+-------+-------+-------+-------+-------++-------
Melee: Long sword        |    93 |   117 |   177 |   473 |   449 ||  1309
       Headbutt          |    17 |    19 |    34 |   152 |   235 ||   457
       Great sword       |       |       |       |    25 |   176 ||   201
       Scimitar          |       |       |       |     7 |       ||     7
Throw: Throwing net      |       |       |       |     1 |       ||     1
Invok: Heal Other        |       |       |       |     3 |     7 ||    10
       Lesser Healing    |       |       |       |       |     1 ||     1
  Use: Scroll            |       |    10 |     3 |    13 |     3 ||    29
       Potion            |       |       |     1 |     1 |     2 ||     4
 Stab: Distracted        |       |       |     3 |     6 |    10 ||    19
       Petrified         |       |       |       |       |     9 ||     9
Armor: Leather armour    |    26 |     6 |       |       |       ||    32
       Plate armour      |       |    54 |    94 |   186 |       ||   334
       Chain mail        |       |       |       |   103 |   303 ||   406
Dodge: Dodged            |    73 |    42 |    52 |   194 |   299 ||   660
       Rpst.: Long sword |    17 |     8 |    13 |    42 |    52 ||   132
       Great sword       |       |       |       |     2 |    21 ||    23
       Scimitar          |       |       |       |     2 |       ||     2
